 Dungeon Crawl Stone Soup version 0.28-a0-819-g6ef7baa362 (webtiles) character file.

Game seed: 15082238305530574596

5 croobank the Vexing (level 1, -1/7 HPs)
             Began as a Felid Enchanter on Nov 9, 2021.
             Frozen to death by an endoplasm (4 damage)
             ... on level 1 of the Dungeon.
             The game lasted 00:02:31 (132 turns).

croobank the Vexing (Felid Enchanter)                Turns: 132, Time: 00:02:31

Health: -1/7       AC:  1    Str:  4    XL:     1   Next: 66%
Magic:  4/4        EV: 17    Int: 16    God:
Gold:   0          SH:  0    Dex: 16    Spells: 4/4 levels left
                                        Lives:  0   Deaths: 0

rFire   . . .      SeeInvis +     - Unarmed
rCold   . . .      Faith    .   (shield unavailable)
rNeg    . . .      Spirit   .   (armour unavailable)
rPois   .          Reflect  .   (helmet unavailable)
rElec   .          Harm     .   (cloak unavailable)
rCorr   .          Rampage  .   (gloves unavailable)
Will    .....                   (boots unavailable)
Stlth   +++.......              (no amulet)
HPRegen 0.02/turn               (no ring)
MPRegen 0.09/turn               (no ring)

@: quick
A: very small, claws 1, fangs 3, see invisible, speed 1, shaggy fur 1, stealthy
paws, no weapons or thrown items, no armour, multi-lived
a: no special abilities


You were on level 1 of the Dungeon.
You visited 1 branch of the dungeon, and saw 1 of its levels.

Inventory:

Scrolls
 a - a scroll of magic mapping {unknown}
 b - a scroll of identify


   Skills:
 + Level 2.7 Dodging
 + Level 4.3 Stealth
 + Level 1.0 Unarmed Combat
 + Level 2.1 Spellcasting
 + Level 4.5 Hexes


You had 4 spell levels left.
You didn't know any spells.
Your spell library contained the following spells:

 Spells                   Type           Power      Damage    Failure   Level
 Confusing Touch          Hex            16%        N/A       10%         3
 Tukima's Dance           Hex            16%        N/A       10%         3
 Ensorcelled Hibernation  Hex/Ice        16%        N/A       12%         2
 Dazzling Flash           Conj/Hex       16%        N/A       24%         3


Dungeon Overview and Level Annotations

Branches:
Dungeon (1/15)

Altars:


Innate Abilities, Weirdness & Mutations

You have sharp claws.
You have razor-sharp teeth.
You have supernaturally acute eyesight. (SInv)
You cover ground quickly. (Speed+)
You are covered in fur. (AC +1)
Your paws help you pounce on unaware monsters.
You are incapable of wielding weapons or throwing items.
You cannot wear armour.
You gain extra lives every three experience levels.


Message History

The rat closely misses you. The rat bites you.
* * * LOW HITPOINT WARNING * * *
You feel better. The rat completely misses you. The rat misses you.
You closely miss the rat. The rat bites you. The endoplasm closely misses you.
The rat misses you.
You fade into invisibility!
The endoplasm completely misses you. The rat completely misses you.
The rat misses you.
You are very lightly contaminated with residual magic.
The endoplasm completely misses you.
You see here a scroll labelled YBRIFA ACOURU.
Found a scroll labelled YROHISAUCH.
The endoplasm jiggles.
You see here a scroll labelled YROHISAUCH.
a - a scroll labelled YROHISAUCH You flicker for a moment.
A giant cockroach and a hobgoblin come into view.
You flicker back into view.
Your magical contamination has completely faded away.
You see here a scroll of identify.
b - a scroll of identify
Found 15 gold pieces.
You scratch the rat.
You kill the rat!
Found a stone staircase leading down.
The rat closely misses you.
You scratch the rat.
You kill the rat!
You scratch the endoplasm.
The endoplasm is almost dead.
The endoplasm misses you.
You barely miss the endoplasm.
The endoplasm is almost dead.
The endoplasm hits you.
You scratch the endoplasm but do no damage.
The endoplasm is almost dead.
The endoplasm freezes you.
You are frozen.
Ouch! That really hurt!
You die...

#..g....>... ##...
....#........... #.... ....#
._........ ###.>..#....
......... #.......... .......#
#.......$.#######......#
#.........#.....#.......
#.........#.............
#......@..#...#####.....
##......J..#...#>..#...##
...!.......#.....#.#..###
#.........#.#####.#.....
#.........#.#.....#)###.
#######.#w...#..<#...#.####
####.......#.#..#####...#.#...
.###....#..................#...#
..........#####......#.....#.###


You could see a dart slug and an endoplasm.

Vanquished Creatures
  A bat (D:1)
  An endoplasm (D:1)
  A goblin (D:1)
  2 rats (D:1)
5 creatures vanquished.

Notes
Turn   | Place    | Note
-------+----------+-------------------------------------------
     0 | D:1      | croobank the Felid Enchanter began the quest for the Orb.
     0 | D:1      | Reached XP level 1. HP: 7/7 MP: 4/4
    25 | D:1      | Found a faded altar of an unknown god.
   132 | D:1      | Frozen to death by an endoplasm

Illustrated notes

Levels and vault maps discovered:
D:1:      ebering_trefoil_twist, layout_rooms, basic_ecumenical_altar

Action                   || total
-------------------------++-------
Melee: Unarmed           ||    31
       Bite              ||     2
  Use: Potion            ||     2
       Scroll            ||     1
Armor: Skin              ||     7
Dodge: Dodged            ||    41

Table legend: (Time is in decaauts)
 A = Elapsed time spent in this place.
 B = Non-inter-level travel time spent in this place.
 C = Inter-level travel time spent in this place.
 D = Time resting spent in this place.
 E = Time spent auto-exploring this place.
 F = Levels seen in this place.
 G = Mean time per level.
                   A        B        C        D        E       F      G
               +--------+--------+--------+--------+--------+-----+--------+
         Total |    113 |    113 |      0 |      0 |     15 |   1 |  113.0 |
       Dungeon |    113 |    113 |      0 |      0 |     15 |   1 |  113.0 |
               +--------+--------+--------+--------+--------+-----+--------+

Top non-repeatable levels by time:
     D:1: 113 daAuts
